 Dungeon Crawl Stone Soup version 0.28-a0-1518-gbe868bca14 (webtiles) character file.

Game seed: 15431395044237288553

400 comborobin the Covert (level 6, -5/51 HPs)
             Began as a Gnoll Brigand on Jan 17, 2022.
             Killed by miscasting Mephitic Cloud (12 damage)
             ... on level 3 of the Dungeon.
             The game lasted 00:06:34 (5410 turns).

comborobin the Covert (Gnoll Brigand)               Turns: 5410, Time: 00:06:34

Health: -5/51      AC:  5    Str: 10    XL:     6   Next: 84%
Magic:  4/9        EV: 12    Int: 13    God:
Gold:   95         SH:  4    Dex: 13    Spells: 3/9 levels left

rFire   . . .      SeeInvis .   b - +1 rapier
rCold   . . .      Faith    .   k - +0 buckler
rNeg    . . .      Spirit   .   n - +0 robe
rPois   .          Reflect  .   j - +1 helmet
rElec   .          Harm     .   c - +0 cloak
rCorr   .          Rampage  .   (no gloves)
Will    .....                   (no boots)
Stlth   ++++......              (no amulet)
HPRegen 0.17/turn               (no ring)
MPRegen 0.11/turn               (no ring)

@: very slightly contaminated
A: fangs 1, strong nose, distributed training
a: no special abilities


You were on level 3 of the Dungeon.
You visited 1 branch of the dungeon, and saw 4 of its levels.

You collected 95 gold pieces.

Inventory:

Hand Weapons
 a - a +2 dagger
 b - a +1 rapier (weapon)
 g - a +0 short sword of electrocution
Missiles
 d - a poisoned dart (quivered)
 m - a boomerang
Armour
 c - a +0 cloak (worn)
 j - a +1 helmet (worn)
 k - a +0 buckler (worn)
 l - a +0 ring mail
 n - a +0 robe (worn)
Jewellery
 f - an amulet of guardian spirit
Scrolls
 h - a scroll of identify
 i - 2 scrolls of vulnerability


   Skills:
 + Level 5.0 Fighting
 + Level 5.0 Short Blades
 + Level 2.1 Long Blades
 + Level 2.1 Axes
 + Level 2.1 Maces & Flails
 + Level 2.1 Polearms
 + Level 2.1 Staves
 + Level 2.1 Slings
 + Level 2.1 Bows
 + Level 2.1 Crossbows
 + Level 5.0 Throwing
 + Level 2.1 Armour
 + Level 3.3 Dodging
 + Level 8.1 Stealth
 + Level 2.1 Shields
 + Level 2.1 Unarmed Combat
 + Level 2.1 Spellcasting
 + Level 1.7 Conjurations
 + Level 1.7 Hexes
 + Level 1.7 Summonings
 + Level 1.7 Necromancy
 + Level 1.7 Translocations
 + Level 1.7 Transmutations
 + Level 1.7 Fire Magic
 + Level 1.7 Ice Magic
 + Level 1.7 Air Magic
 + Level 1.7 Earth Magic
 + Level 1.7 Poison Magic
 + Level 2.3 Invocations
 + Level 2.1 Evocations


You had 3 spell levels left.
You knew the following spells:

 Your Spells              Type           Power      Damage    Failure   Level
a - Ignite Poison         Fire/Tmut/Pois 5%         N/A       43%         3
b - Mephitic Cloud        Conj/Pois/Air  5%         N/A       43%         3

Your spell library contained the following spells:

 Spells                   Type           Power      Damage    Failure   Level
 Summon Small Mammal      Summ           20%        N/A       16%         1
 Call Canine Familiar     Summ           5%         N/A       43%         3
 Summon Guardian Golem    Hex/Summ       5%         N/A       43%         3
 Freezing Cloud           Conj/Ice/Air   2%         6-21      99%         5


Dungeon Overview and Level Annotations

Branches:
Dungeon (4/15)
 Temple: D:4-7

Altars:
Kikubaaqudgha
Qazlal

Annotations:
D:3 3 runed translucent doors, exclusion: jelly, bande's ghost, amateur GrFi
D:4 Natasha; Sigmund


Innate Abilities, Weirdness & Mutations

You have very sharp teeth.
Your uncanny sense of smell can sniff out nearby items.
Your experience applies equally to all skills.


Message History

Unknown command.
You are engulfed in noxious fumes.
You choke on the stench!
You are more confused.
* * * LOW HITPOINT WARNING * * *
The hobgoblin is engulfed in noxious fumes.
You kill the hobgoblin!
The goblin is engulfed in noxious fumes.
The goblin appears confused.
The goblin cries.
The hobgoblin is engulfed in noxious fumes.
The hobgoblin appears confused.
Unknown command.
Unknown command.
Unknown command.
You are engulfed in noxious fumes.
You choke on the stench!
You are more confused.
The hobgoblin is engulfed in noxious fumes.
The hobgoblin appears confused.
You kill the hobgoblin!
The goblin is engulfed in noxious fumes.
The goblin appears confused.
The goblin hits the gnoll with a +0 club.
The hobgoblin closely misses you.
Unknown command.
Unknown command.
The hobgoblin barely misses you.
The goblin hits the hobgoblin with a +0 club.
The hobgoblin is killed!
The goblin hits itself with a +0 club.
The goblin is killed!
You feel less confused.
Casting: Mephitic Cloud (quite dangerous; 43% risk of failure)
Confirm with . or Enter, or press ? or * to list all spells.
The spell is quite dangerous to miscast (43% risk of failure)!
Continue anyway?
Aiming: Mephitic Cloud (quite dangerous; 43% risk of failure)
Press: ? - help, Shift-Dir - straight line You miscast Mephitic Cloud.
You are very lightly contaminated with residual magic.
The wind whips around you!
You die...

..).......(......................
.................................
≈≈.≈..≈≈.≈....≈≈≈..≈≈.≈...≈.≈.≈≈≈
≈≈≈≈≈≈≈≈≈.....≈≈≈≈≈≈≈≈≈≈≈≈≈≈≈≈≈≈≈
≈≈≈≈≈≈≈≈≈......≈≈≈≈≈≈≈≈≈≈≈≈≈≈≈≈≈≈
≈≈≈≈≈≈≈≈≈.....)≈≈≈≈≈≈≈≈≈≈≈≈≈≈≈≈≈≈
###########''####################
,*,,,,,,,#....#...))).#........,,
,',,,,,,,#....#.@g)g..'........,,
,*******##....#########........,,
,,,,,,,.#......#..........#####**
,,,,,,..'......'..........#
,,,,,,..#......#..........#******
,*****####....#########g......,,,
,+,,,,,^,#....#,,,,,,,'.......,,,
,*,,,,,,,#....#,,,,,,,#........,,
*********######*******#########**


You could see a gnoll and a goblin.

Vanquished Creatures
  Eustachio (D:4)
  A black bear (D:3)
  An orc priest (D:3)
  An orc wizard (D:3)
  4 adders
  A gnoll (D:3)
  An ufetubus (D:4)
  A dart slug (D:2)
  6 orcs
  4 bats
  An endoplasm (D:1)
  2 giant cockroaches
  8 goblins
  8 hobgoblins (D:3)
  3 jackals (D:1)
  2 quokkas (D:3)
  3 ball pythons (D:2)
  A frilled lizard (D:3)
  3 kobolds
  3 rats (D:2)
55 creatures vanquished.

Notes
Turn   | Place    | Note
-------+----------+-------------------------------------------
     0 | D:1      | comborobin the Gnoll Brigand began the quest for the Orb.
     0 | D:1      | Reached XP level 1. HP: 20/20 MP: 1/1
   359 | D:1      | Reached XP level 2. HP: 20/26 MP: 2/2
   537 | D:1      | Found a faded altar of an unknown god.
  1310 | D:2      | Reached XP level 3. HP: 14/31 MP: 3/3
  1586 | D:2      | Learned a level 3 spell: Ignite Poison
  1657 | D:2      | Reached skill level 1 in Invocations
  2333 | D:3      | Found an ancient bone altar of Kikubaaqudgha.
  2386 | D:3      | Reached skill level 1 in Long Blades
  2386 | D:3      | Reached skill level 1 in Axes
  2386 | D:3      | Reached skill level 1 in Maces & Flails
  2386 | D:3      | Reached skill level 1 in Polearms
  2386 | D:3      | Reached skill level 1 in Staves
  2386 | D:3      | Reached skill level 1 in Slings
  2386 | D:3      | Reached skill level 1 in Bows
  2386 | D:3      | Reached skill level 1 in Crossbows
  2386 | D:3      | Reached skill level 1 in Armour
  2386 | D:3      | Reached skill level 1 in Shields
  2386 | D:3      | Reached skill level 1 in Unarmed Combat
  2386 | D:3      | Reached skill level 1 in Spellcasting
  2386 | D:3      | Reached skill level 1 in Evocations
  2671 | D:3      | Reached XP level 4. HP: 38/38 MP: 5/5
  2743 | D:3      | Found a stormy altar of Qazlal.
  3025 | D:3      | Found a runed translucent gate.
  3026 | D:3      | Found a runed translucent gate.
  3027 | D:3      | Found a runed translucent gate.
  3027 | D:3      | Noticed bande's ghost (amateur GrFi)
  3029 | D:3      | Noticed a kobold brigand
  3275 | D:3      | Reached skill level 1 in Conjurations
  3275 | D:3      | Reached skill level 1 in Hexes
  3275 | D:3      | Reached skill level 1 in Summonings
  3275 | D:3      | Reached skill level 1 in Necromancy
  3275 | D:3      | Reached skill level 1 in Translocations
  3275 | D:3      | Reached skill level 1 in Transmutations
  3275 | D:3      | Reached skill level 1 in Fire Magic
  3275 | D:3      | Reached skill level 1 in Ice Magic
  3275 | D:3      | Reached skill level 1 in Air Magic
  3275 | D:3      | Reached skill level 1 in Earth Magic
  3275 | D:3      | Reached skill level 1 in Poison Magic
  3777 | D:3      | Reached XP level 5. HP: 37/43 MP: 6/6
  4145 | D:3      | Learned a level 3 spell: Mephitic Cloud
  4163 | D:4      | Noticed an orc warrior
  4504 | D:4      | Noticed Natasha
  4545 | D:4      | Noticed Eustachio
  4586 | D:4      | Killed Eustachio
  4587 | D:4      | Reached skill level 8 in Stealth
  4587 | D:4      | Reached XP level 6. HP: 24/50 MP: 8/8
  4644 | D:4      | Noticed Sigmund
  4769 | D:4      | Noticed a black bear
  4797 | D:3      | Reached skill level 5 in Fighting
  4797 | D:3      | Reached skill level 5 in Short Blades
  4797 | D:3      | Reached skill level 5 in Throwing
  4980 | D:3      | Killed a black bear
  5410 | D:3      | Killed by miscasting Mephitic Cloud

Illustrated notes

Levels and vault maps discovered:
D:1:      saegor_arrival_simple_d, layout_basic,
          shapermc_ecumenical_altar_pompeii
D:2:      layout_loops_ring, minmay_misc_feat_alley, serial_bayou_pond_e
D:3:      minmay_goblin_kobold_castle, layout_rooms,
          mainiacjoe_overflow_24_doors, general_overflow_altar,
          gammafunk_ghost_nasty_kobolds, st_stairs_8
D:4:      layout_layer_cave, uniq_sigmund, uniq_natasha, uniq_menkaure,
          uniq_eustachio

Skill      XL: |  1  2  3  4  5  6 |
---------------+-------------------+-----
Invocations    | 1 2 |  2.3
Long Blades    | 1 2 |  2.1
Axes           | 1 2 |  2.1
Maces & Flails | 1 2 |  2.1
Polearms       | 1 2 |  2.1
Staves         | 1 2 |  2.1
Slings         | 1 2 |  2.1
Bows           | 1 2 |  2.1
Crossbows      | 1 2 |  2.1
Armour         | 1 2 |  2.1
Shields        | 1 2 |  2.1
Unarmed Combat | 1 2 |  2.1
Spellcasting   | 1 2 |  2.1
Evocations     | 1 2 |  2.1
Conjurations   | 1 |  1.7
Hexes          | 1 |  1.7
Summonings     | 1 |  1.7
Necromancy     | 1 |  1.7
Translocations | 1 |  1.7
Transmutations | 1 |  1.7
Fire Magic     | 1 |  1.7
Ice Magic      | 1 |  1.7
Air Magic      | 1 |  1.7
Earth Magic    | 1 |  1.7
Poison Magic   | 1 |  1.7
Dodging        | 3 |  3.3
Stealth        | 8 |  8.1
Fighting       | 5 |  5.0
Short Blades   | 5 |  5.0
Throwing       | 5 |  5.0

Action                   |  1- 3 |  4- 6 || total
-------------------------+-------+-------++-------
Melee: Dagger            |    72 |       ||    72
       Punch             |     2 |       ||     2
       Bite              |     6 |     7 ||    13
       Rapier            |    22 |    91 ||   113
Throw: Dart              |       |    23 ||    23
 Cast: Mephitic Cloud    |       |     1 ||     1
  Use: Potion            |     1 |     2 ||     3
       Scroll            |     4 |     4 ||     8
 Stab: Sleeping          |     6 |     3 ||     9
Armor: Robe              |    23 |    42 ||    65
Dodge: Dodged            |    54 |    87 ||   141
Block: Buckler           |       |    23 ||    23

Table legend: (Time is in decaauts)
 A = Elapsed time spent in this place.
 B = Non-inter-level travel time spent in this place.
 C = Inter-level travel time spent in this place.
 D = Time resting spent in this place.
 E = Time spent auto-exploring this place.
 F = Levels seen in this place.
 G = Mean time per level.
                   A        B        C        D        E       F      G
               +--------+--------+--------+--------+--------+-----+--------+
         Total |   5408 |   5107 |    301 |   1417 |   2809 |   4 | 1352.0 |
       Dungeon |   5408 |   5107 |    301 |   1417 |   2809 |   4 | 1352.0 |
               +--------+--------+--------+--------+--------+-----+--------+

Top non-repeatable levels by time:
     D:3: 2841 daAuts
     D:2: 1370 daAuts
     D:1: 982 daAuts
     D:4: 213 daAuts
